 Dungeon Crawl Stone Soup version 0.31.0-32-g396128a36d (webtiles) character file.

Game seed: 8588678444308419192

485 Peloso the Covered (level 6, -7/53 HPs)
             Began as a Minotaur Fighter on Mar 28, 2024.
             Killed by divine providence
             ... invoked by an orc priest
              (11 damage)
             ... on level 4 of the Dungeon.
             The game lasted 00:08:51 (4127 turns).

Peloso the Covered (Minotaur Fighter)               Turns: 4127, Time: 00:08:51

Health: -7/53      AC: 11    Str: 20    XL:     6   Next: 88%
Magic:  5/5        EV:  7    Int:  5    God:
Gold:   239        SH: 13    Dex: 12    Spells: 5/5 levels left

rFire   . . .        a - +0 long sword
rCold   . . .        d - +0 tower shield
rNeg    . . .        b - +0 scale mail
rPois   .            (helmet restricted)
rElec   .            e - +1 cloak {rCorr}
rCorr   +            j - +0 pair of gloves
SInv    .            (no boots)
Will    .....        (no amulet) Stlth
                     (no ring)
HPRegen 0.28/turn    (no ring)
MPRegen 0.09/turn

%: no passive effects
@: no status effects
A: horns 2, retaliatory headbutt
a: no special abilities


You were on level 4 of the Dungeon.
You visited 1 branch of the dungeon, and saw 5 of its levels.

You collected 239 gold pieces.

Inventory:

Hand Weapons
 a - a +0 long sword (weapon)
Armour
 b - a +0 scale mail (worn)
 c - a +0 buckler
 d - a +0 tower shield (worn)
 e - a +1 cloak of preservation (worn)
 j - a +0 pair of gloves (worn)
Jewellery
 k - the ring "Ugaon" {Wiz rPois rF+ Dex+4 Stlth-}
   (You found it on level 4 of the Dungeon)

   [ring of wizardry]

   Wiz:       It improves your spell success rate.
   Dex+4:     It affects your dexterity (+4).
   rF+:       It protects you from fire.
   rPois:     It protects you from poison Stlth-: It makes you less stealthy.
Scrolls
 f - 2 scrolls of poison
 h - 3 scrolls of teleportation
 m - a scroll of amnesia
 p - a scroll of vulnerability {unknown}
Potions
 i - 3 potions of might
 l - a potion of attraction {unknown}
 n - a potion of mutation {unknown}
 o - a potion of haste {unknown}
 q - a potion of enlightenment {unknown}
 r - a potion of heal wounds {unknown}
 s - a potion of brilliance {unknown}


   Skills:
 + Level 4.7 Fighting
 + Level 5.3 Long Blades
 + Level 5.5 Armour
 + Level 2.1 Dodging
 + Level 0.6 Stealth
 + Level 5.3 Shields


You had 5 spell levels left.
You didn't know any spells.
Your spell library contained the following spells:

 Spells                   Type           Power      Damage    Failure   Level
 Summon Small Mammal      Summ           0%         N/A       100%        1
 Scorch                   Fire           0%         2d5       100%        2
 Sublimation of Blood     Necr           0%         N/A       100%        2
 Call Canine Familiar     Summ           0%         N/A       100%        3
 Flame Wave               Conj/Fire      0%         2d4       100%        4
 Petrify                  Alch/Erth      0%         N/A       100%        4
 Summon Blazeheart Golem  Fire/Summ      0%         N/A       100%        4
 Irradiate                Conj/Alch      0%         3d11      100%        5
 Summon Cactus Giant      Summ           0%         N/A       100%        6


Dungeon Overview and Level Annotations

Branches:
Dungeon (5/15)
 Temple: D:4-7

Altars:
Xom

Shops:
D:4 :

Annotations:
D:3 2 transporters, zxspectator's ghost, amateur GrFi
D:5 Eustachio


Innate Abilities, Weirdness & Mutations

You have a pair of horns on your head.
You reflexively headbutt those who attack you in melee.


Message History

You barely miss the killer bee. Your headbutt misses the killer bee.
The killer bee is almost dead.
You feel sick. The killer bee barely misses you. The killer bee stings you.
* * * LOW HITPOINT WARNING * * *
You block the killer bee's attack.
The killer bee stings you but does no damage.
You block the killer bee's attack.
You feel better.
The killer bee stings you but does no damage. x2
The killer bee stings you.
* * * LOW HITPOINT WARNING * * *
You block the killer bee's attack.
Unknown command.
You barely miss the killer bee.
The killer bee is almost dead.
The killer bee barely misses you.
The killer bee stings you but does no damage.
The killer bee stings you.
* * * LOW HITPOINT WARNING * * *
The orc priest looks braver for a moment.
The killer bee barely misses you. You block the killer bee's attack. x2
Unknown command.
You miss the killer bee.
The killer bee is almost dead.
The killer bee stings you but does no damage.
You block the killer bee's attack.
The killer bee stings you but does no damage.
You block the killer bee's attack. You block the orc priest's attack.
You block the killer bee's attack.
Unknown command.
You barely miss the killer bee.
The killer bee is almost dead.
You block the killer bee's attack. The killer bee stings you.
* * * LOW HITPOINT WARNING * * *
The killer bee closely misses you. The orc priest barely misses you.
The killer bee stings you but does no damage.
You block the killer bee's attack.
The orc priest mumbles some strange prayers to Beogh against you.
Beogh smites you!
You die...

......#
#...................#
......#
#.#.................#
......#
##.#.................#
......#
##..#.......#.........##
.....##
#...........####.......##
.....# #........<.##
#####..... .....#
##..........## ###.(.
....####.......y....### ###.
....###........y@.....### ##
....#...........o.......## #
....†##..................###
.<.####....................#
..## #....................##
..# #...................## #
.## #..................## #
## #.................## ##
##...............## #.


You could see 2 killer bees and an orc priest.

Vanquished Creatures
  A black bear (D:4)
  3 hounds (D:5)
  A bombardier beetle (D:5)
  Crazy Yiuf (D:2)
  Jessica (D:2)
  An iguana (D:5)
  An orc wizard (D:4)
  3 gnolls (D:4)
  7 adders
  3 dart slugs
  A ribbon worm (D:2)
  5 orcs
  7 endoplasms
  3 giant cockroaches
  4 goblins
  4 hobgoblins
  6 kobolds
  4 quokkas
  6 ball pythons
  7 bats
  5 frilled lizards
  5 rats
79 creatures vanquished.

Notes
Turn   | Place    | Note
-------+----------+-------------------------------------------
     0 | D:1      | Peloso the Minotaur Fighter began the quest for the Orb.
     0 | D:1      | Reached XP level 1. HP: 19/19 MP: 0/0
   376 | D:1      | Reached XP level 2. HP: 27/27 MP: 1/1
  1038 | D:2      | Reached XP level 3. HP: 33/33 MP: 2/2
  1301 | D:2      | Reached skill level 1 in Dodging
  1361 | D:2      | Noticed Jessica
  1367 | D:2      | Killed Jessica
  1368 | D:2      | Reached XP level 4. HP: 41/41 MP: 3/3
  1662 | D:2      | Found a runed translucent door.
  1663 | D:2      | Noticed Crazy Yiuf
  1958 | D:2      | Killed Crazy Yiuf
  2153 | D:3      | Found a faded altar of an unknown god.
  2205 | D:3      | Noticed a scorpion
  2208 | D:3      | Noticed zxspectator's ghost (amateur GrFi)
  2230 | D:3      | Found a transporter.
  2239 | D:3      | Found a transporter.
  2367 | D:3      | Reached XP level 5. HP: 43/47 MP: 4/4
  2808 | D:4      | Identified the ring "Ugaon" {Wiz rPois rF+ Dex+4 Stlth-}
  3129 | D:4      | Found Xedanu's Book Emporium.
  3292 | D:4      | Noticed a black bear
  3303 | D:4      | Killed a black bear
  3304 | D:4      | Reached skill level 5 in Armour
  3304 | D:4      | Reached skill level 5 in Shields
  3304 | D:4      | Reached XP level 6. HP: 36/53 MP: 5/5
  3548 | D:4      | Reached skill level 5 in Long Blades
  3772 | D:5      | Entered Level 5 of the Dungeon
  3944 | D:5      | Found a shimmering altar of Xom.
  4101 | D:5      | Noticed Eustachio
  4127 | D:4      | Killed from afar by an orc priest

Illustrated notes

Levels and vault maps discovered:
D:1:      eino_arrival_cavern_b, layout_basic
D:2:      layout_loops_corners, amcnicky_mini_corridor_feature,
          uniq_crazy_yiuf_cottage, uniq_jessica
D:3:      layout_basic, gammafunk_ghost_arena, chequers_ecumenical_altar_island
D:4:      layout_cave_pods, serial_shops,
          nicolae_shop_competitors_out_of_business
D:5:      layout_gridville, nemelex_dance_club_becter, xom_teletrap_fun,
          uniq_eustachio

Skill      XL: |  1  2  3  4  5  6 |
---------------+-------------------+-----
Fighting       | 4 |  4.7
Shields        | 4 5 |  5.3
Long Blades    | 3 4 5 |  5.3
Armour         | 4 5 |  5.5
Dodging        | 1 2 |  2.1
Stealth        | |  0.6

Action                     |  1- 3 |  4- 6 || total
---------------------------+-------+-------++-------
  Melee: Long sword        |    70 |   167 ||   237
         Headbutt          |     8 |    29 ||    37
    Use: Scroll            |     1 |     3 ||     4
         Potion            |       |     3 ||     3
 Armour: Scale mail        |    50 |   147 ||   197
  Dodge: Dodged            |    37 |    52 ||    89
  Block: Buckler           |    18 |     6 ||    24
         Tower shield      |       |   157 ||   157
